 Dungeon Crawl Stone Soup version 0.18-a0-116-g2d311b1 (webtiles) character file.

159 Proton the Chopper (level 5, -1/46 HPs)
             Began as a Deep Dwarf Fighter on Nov 16, 2015.
             Slain by Crazy Yiuf
             ... wielding a +4 quarterstaff of chaos
              (3 damage)
             ... on level 2 of the Dungeon.
             The game lasted 00:04:13 (1393 turns).

Proton the Chopper (Deep Dwarf Fighter)             Turns: 1393, Time: 00:04:13

Health: -1/46      AC:  8    Str: 20    XL:     5   Next: 17%
Magic:  0/5        EV:  9    Int:  9    God:
Gold:   71         SH:  0    Dex: 12    Spells: 0 memorised, 4 levels left

rFire  . . .     SeeInvis .     a - +0 war axe
rCold  . . .     Clarity  .     b - +0 scale mail
rNeg   . . .     SustAt   .     (no shield)
rPois  .         Gourm    .     n - +0 helmet
rElec  .         Spirit   .     (no cloak)
rCorr  .         Warding  .     (no gloves)
rMut   .         Stasis   .     (no boots)
MR     .....                    (no amulet)
Stlth  ..........               (no ring)
                                (no ring)

@: non-regenerating, not resistant to hostile enchantments, extremely unstealthy
A: damage resistance, recharge devices, sense surroundings 1, slow regeneration
3
a: Device Recharging


You were on level 2 of the Dungeon.
You were not hungry.

You visited 1 branch of the dungeon, and saw 2 of its levels.

You collected 71 gold pieces.

Inventory:

Hand Weapons
 a - a +0 war axe (weapon)
Armour
 b - a +0 scale mail (worn)
 n - a +0 helmet (worn)
Wands
 e - a wand of heal wounds (5)
 k - a wand of polymorph (3)
Scrolls
 c - 4 scrolls of identify {unknown}
 g - a scroll of teleportation {unknown}
 h - 3 scrolls of remove curse {unknown}
 j - a scroll of amnesia {unknown}
Potions
 d - a potion of might
 i - a potion of cancellation {unknown}
 l - a potion of mutation {unknown}
 m - a potion of cure mutation {unknown}
Comestibles
 f - 3 bread rations


   Skills:
 - Level 2.6 Fighting
 * Level 5.0 Axes
 + Level 4.6 Armour
   Level 3.2 Shields


You had 4 spell levels left.
You didn't know any spells.

Dungeon Overview and Level Annotations

Branches:
Dungeon (2/15)

Altars:
Dithmenos
Elyvilon
Fedhas
Makhleb

Annotations:
D:2 Crazy Yiuf


Innate Abilities, Weirdness & Mutations

You are resistant to damage.
You can recharge devices by infusing magical energy.
You passively map a small area around you.
You do not regenerate naturally.


Message History

Crazy Yiuf the Enlightened comes into view.
He is wielding a quarterstaff of chaos.
Crazy Yiuf shouts!
Found a mace.
You hit Crazy Yiuf.
Crazy Yiuf is lightly wounded.
Crazy Yiuf hits you with a quarterstaff of chaos!
* * * LOW HITPOINT WARNING * * *
You feel your power leaking away.
You slash Crazy Yiuf!
Crazy Yiuf is heavily wounded.
You closely miss Crazy Yiuf.
Crazy Yiuf is heavily wounded.
Crazy Yiuf cries, "Blight senile childish!"
Crazy Yiuf hits you with a quarterstaff of chaos!
* * * LOW HITPOINT WARNING * * *
Crazy Yiuf draws strength from your injuries!
You hit Crazy Yiuf.
Crazy Yiuf is heavily wounded.
Crazy Yiuf hits you with a quarterstaff of chaos.
You die...

...## ##....##.############.
....############.##......########
.............<##.##.####.........
##################### ##########
######### #........ ###
#####.###### #)..### ##.....#
#...g@####......#
#...##..#......## ### ###.#....##
########


You could see Crazy Yiuf.

Vanquished Creatures
  Ijyb (D:2)
  Jessica (D:2)
  Robin (D:2)
  4 adders (D:2)
  An ooze (D:1)
  A worm (D:1)
  A giant gecko (D:2)
  4 bats
  3 giant cockroaches
  9 goblins
  8 hobgoblins
  8 kobolds
  A quokka (D:2)
  A giant newt (D:2)
  5 jackals
  9 rats
58 creatures vanquished.

Notes
Turn   | Place    | Note
--------------------------------------------------------------
     0 | D:1      | Proton the Deep Dwarf Fighter began the quest for the Orb.
     0 | D:1      | Reached XP level 1. HP: 20/20 MP: 1/1
    59 | D:1      | Reached XP level 2. HP: 27/27 MP: 2/2
   726 | D:2      | Noticed Robin
   762 | D:2      | Noticed Ijyb
   819 | D:2      | Reached XP level 3. HP: 28/33 MP: 3/3
   873 | D:2      | Reached skill level 4 in Armour
   891 | D:2      | Killed Ijyb
   894 | D:2      | Reached XP level 4. HP: 32/40 MP: 4/4
   970 | D:2      | Found a white marble altar of Elyvilon.
   970 | D:2      | Found a burning altar of Makhleb.
  1027 | D:2      | Found a blossoming altar of Fedhas.
  1128 | D:2      | Found a shadowy altar of Dithmenos.
  1135 | D:2      | Noticed Jessica
  1149 | D:2      | Killed Jessica
  1151 | D:2      | Reached XP level 5. HP: 23/46 MP: 5/5
  1279 | D:2      | Killed Robin
  1279 | D:2      | Reached skill level 5 in Axes
  1387 | D:2      | Noticed Crazy Yiuf
  1392 | D:2      | HP: 2/46 [Crazy Yiuf/quarterstaff of chaos (7)]
  1393 | D:2      | Slain by Crazy Yiuf

Vault maps used:
D:1:      evilmike_arrival_run_for_it, minmay_bisected
D:2:      nicolae_overflow_hidden_temple, gammafunk_temple_overflow_wave,
          first_bread, nicolae_dithmenos_shadow_blocks, uniq_iyjb,
          uniq_crazy_yiuf_cottage, uniq_jessica, uniq_robin

Action                   |  1- 3 |  4- 6 || total
-------------------------+-------+-------++-------
Melee: War axe           |    63 |    79 ||   142
  Eat: Bread ration      |       |     1 ||     1
